 Dungeon Crawl Stone Soup version 0.32-a0-791-gfc315c9ecd (webtiles) character file.

Game seed: 14016259763444521483

469 Descartes the Digger (level 6, -2/45 HPs)
             Began as a Mountain Dwarf Earth Elementalist on Mar 20, 2024.
             Was an Initiate of Gozag.
             Slain by Eustachio
             ... wielding a +1 rapier of speed
              (7 damage)
             ... on level 5 of the Dungeon.
             The game lasted 00:07:02 (3627 turns).

Descartes the Digger (MDEE)                         Turns: 3627, Time: 00:07:02

Health: -2/45      AC:  6    Str: 12      XL:     6   Next: 82%
Magic:  11/11      EV: 10    Int: 16      God:    Gozag
Gold:   164        SH:  0    Dex:  7 (8)  Spells: 10/11 levels left

rFire   . . .        c - +0 morningstar
rCold   . . .        (no shield)
rNeg    . . .        g - +0 leather armour
rPois   .            o - +0 helmet
rElec   .            (no cloak)
rCorr   .            j - +0 pair of gloves
SInv    .            l - +0 pair of boots
Will    .....        (no amulet)
Stlth   +            (no ring)
HPRegen 0.27/turn    (no ring)
MPRegen 0.12/turn

%: no passive effects
@: mighty
A: runic magic, artefact enchanting, clumsy 1
a: Renounce Religion, Potion Petition, Call Merchant, Bribe Branch


You were on level 5 of the Dungeon.
You worshipped Gozag.
Gozag was aware of your devotion.
You visited 2 branches of the dungeon, and saw 6 of its levels.

You collected 247 gold pieces.
You paid 83 gold pieces to Gozag.

Inventory:

Hand Weapons
 c - a +0 morningstar (weapon)
Missiles
 d - 10 poisoned darts
 q - a throwing net
Armour
 g - a +0 leather armour (worn)
 j - a +0 pair of gloves (worn)
 l - a +0 pair of boots (worn)
 o - a +0 helmet (worn)
Jewellery
 n - a ring of ice
Scrolls
 e - 2 scrolls of torment {unknown}
 f - 5 scrolls of teleportation {unknown}
 h - a scroll of enchant weapon {unknown}
 i - 2 scrolls of identify {unknown}
 m - a scroll of acquirement {unknown}
 p - a scroll of enchant armour {unknown}
Potions
 a - a potion of degeneration
 b - a potion of magic
 r - a potion of mutation


   Skills:
 + Level 3.6 Armour
 - Level 1.3 Dodging
 - Level 1.4 Stealth
 + Level 3.3 Spellcasting
 + Level 3.2 Conjurations
 + Level 5.1 Earth Magic


You had 10 spell levels left.
You knew the following spells:

 Your Spells              Type           Power      Damage    Failure   Level
a - Sandblast             Erth           38%        2d10      2%          1

Your spell library contained the following spells:

 Spells                   Type           Power      Damage    Failure   Level
 Passwall                 Erth           19%        N/A       7%          3
 Stone Arrow              Conj/Erth      32%        3d9       10%         3
 Brom's Barrelling Bould  Conj/Erth      16%        2d4       32%         4
 Animate Armour           Summ/Erth      20%        N/A       54%         4
 Petrify                  Alch/Erth      10%        N/A       54%         4
 Lehudib's Crystal Spear  Conj/Erth      8%         10d3      100%        8


Dungeon Overview and Level Annotations

Branches:
Dungeon (5/15)             Temple (1/1) D:4

Altars:
Ashenzari
Cheibriados
Dithmenos
Fedhas
Gozag
Hepliaklqana
Kikubaaqudgha
Makhleb
Nemelex Xobeh
Qazlal
Ru
Sif Muna
Trog
Uskayaw
Wu Jian
Xom
Zin
The Shining One

Shops:
D:4 ::[!=

Annotations:
D:5 Eustachio


Innate Abilities, Weirdness & Mutations

Your spellcasting is much less encumbered by armour.
You can use scrolls of enchantment on lesser artefacts.
You are clumsy. (Dex -2)


Message History

Eustachio is moderately wounded.
The bat hits you but does no damage. x2; The bat barely misses you.
The bat closely misses you. The ufetubus hits you.
* * * LOW HITPOINT WARNING * * *
The ufetubus closely misses you.
The ufetubus hits you but does no damage.
The ufetubus barely misses you. The quokka closely misses you.
The bat barely misses you.
The ufetubus hits you but does no damage.
The ufetubus closely misses you. The ufetubus hits you.
* * * LOW HITPOINT WARNING * * *
The ufetubus misses you. Eustachio hits you but does no damage.
The quokka misses you. The bat barely misses you. The bat closely misses you.
You closely miss Eustachio.
Eustachio is moderately wounded.
The bat hits you but does no damage. The bat closely misses you. x2
The ufetubus misses you. The ufetubus barely misses you. x3
Eustachio hits you but does no damage. The ufetubus barely misses you.
The ufetubus hits you.
* * * LOW HITPOINT WARNING * * *
The quokka twitches its whiskers.
The quokka bites you but does no damage.
The ufetubus barely misses you.
The ufetubus hits you but does no damage.
Eustachio closely misses you. The bat barely misses you.
The bat hits you but does no damage. The quokka closely misses you.
The ufetubus slips past you! The ufetubus closely misses you.
The ufetubus hits you but does no damage.
Eustachio casts a spell.
You feel extremely strange.
Your magical essence no longer links to wands of the dungeon.
You no longer feel strong-willed.
You feel clumsy.
The quokka disappears in a puff of smoke!
The bat hits you but does no damage. The ufetubus completely misses you.
The ufetubus barely misses you. The bat hits you.
* * * LOW HITPOINT WARNING * * *
Eustachio hits you with a +1 rapier of speed!
You die...
Eustachio says, "Such is the fate of all honourless rascals."
Your body crumbles into a pile of gold.

### ..# ##..##
#..#.## #
#.....##
#..##5b5b# #
#.r@@§.#
##b#.5#.....#
###.## ...##
###.# #....#
#.#.#.......
##..........#
..
##...≈§≈≈≈≈≈.#
#.#
##...≈≈§§≈≈...
..##
##..#.≈≈§....ß.


You could see Eustachio, an iron imp (summoned), 2 ufetubi, 3 bats and a rat
(summoned).

Vanquished Creatures
  Sigmund (D:3)
  Menkaure (D:4)
  Blork the orc (D:4)
  5 adders
  4 gnolls (D:4)
  A dart slug (D:2)
  3 orcs (D:3)
  5 ball pythons
  3 bats
  3 endoplasms
  A giant cockroach (D:3)
  6 hobgoblins
  5 jackals
  A quokka (D:3)
  2 frilled lizards
  8 goblins
  4 kobolds
  2 rats (D:2)
56 creatures vanquished.

Notes
Turn   | Place    | Note
-------+----------+-------------------------------------------
     0 | D:1      | Descartes the Mountain Dwarf Earth Elementalist began the
                  | quest for the Orb.
     0 | D:1      | Reached XP level 1. HP: 14/14 MP: 3/3
   155 | D:1      | Reached skill level 1 in Conjurations
   265 | D:1      | Reached XP level 2. HP: 6/20 MP: 0/4
   999 | D:2      | Reached skill level 1 in Armour
  1505 | D:2      | Reached XP level 3. HP: 26/26 MP: 2/6
  1671 | D:3      | Noticed Sigmund
  1889 | D:3      | Found a burning altar of Makhleb.
  1987 | D:3      | Gained mutation: You expend magic power (3 MP) to
                  | strengthen your wands. [potion of mutation]
  1987 | D:3      | Gained mutation: You are strong-willed. (Will+) [potion of
                  | mutation]
  1992 | D:3      | Killed Sigmund
  1993 | D:3      | Reached skill level 4 in Earth Magic
  1993 | D:3      | Reached XP level 4. HP: 7/33 MP: 4/8
  1993 | D:3      | Reached XP level 5. HP: 8/38 MP: 4/9
  2380 | D:3      | Found a faded altar of an unknown god.
  2542 | D:4      | Noticed Menkaure
  2554 | D:4      | Killed Menkaure
  2555 | D:4      | Reached XP level 6. HP: 10/45 MP: 10/10
  2705 | D:4      | Found Jipsuag's Armour Shoppe.
  2733 | D:4      | Found a bloodstained altar of Trog.
  2738 | D:4      | Found a hazy altar of Hepliaklqana.
  2751 | D:4      | Found a snail-covered altar of Cheibriados.
  3011 | D:4      | Found Quope's Jewellery Emporium.
  3018 | D:4      | Noticed Blork the orc
  3026 | D:4      | Killed Blork the orc
  3027 | D:4      | Reached skill level 5 in Earth Magic
  3134 | D:4      | Found a blossoming altar of Fedhas.
  3244 | D:4      | Found a shimmering blue altar of Sif Muna.
  3248 | D:4      | Found a sacrificial altar of Ru.
  3251 | D:4      | Found a hide-covered altar of Uskayaw.
  3258 | D:4      | Found Enicacuna's Book Boutique.
  3291 | D:4      | Found Josa's Book Emporium.
  3352 | D:4      | Found Fauj's Distillery.
  3459 | D:4      | Found a staircase to the Ecumenical Temple.
  3564 | Temple   | Entered the Ecumenical Temple
  3591 | D:5      | Entered Level 5 of the Dungeon
  3591 | D:5      | Found an opulent altar of Gozag.
  3594 | D:5      | Became a worshipper of Gozag Ym Sagoz the Greedy
  3599 | D:5      | Found a sparkling altar of Nemelex Xobeh.
  3608 | D:5      | Noticed Eustachio
  3627 | D:5      | Lost mutation: You expend magic power (3 MP) to strengthen
                  | your wands. [potion of mutation]
  3627 | D:5      | Lost mutation: You are strong-willed. (Will+) [potion of
                  | mutation]
  3627 | D:5      | Gained mutation: You are clumsy. (Dex -2) [potion of
                  | mutation]
  3627 | D:5      | Slain by Eustachio

Illustrated notes

Levels and vault maps discovered:
D:1:      sevenhm_arrival_forest_fort_small_1, layout_loops_ring
D:2:      layout_rooms, serial_curves, eino_curves_03, eino_curves_01
D:3:      layout_loops_ring, mainiacjoe_overflow_small_starburst,
          hellmonk_ecumenical_altar_run_dry, uniq_sigmund
D:4:      layout_cave_pools, mainiacjoe_overflow_alcove_1,
          grunt_temple_overflow_open, minmay_temple_entry_antechambers,
          serial_shops, shop, nicolae_shop_statue_plus, shop,
          nicolae_shop_real_fake_doors, shop, uniq_menkaure, uniq_blork_the_orc
D:5:      minmay_evil_eye, layout_layer_cave, lemuel_crystal_altar,
          mainiacjoe_overflow_catwalk, uniq_edmund, uniq_eustachio,
          uniq_crazy_yiuf_cottage, uniq_ijyb
Temple:   hellmonk_temple_two_chambers

Skill      XL: |  1  2  3  4  5  6 |
---------------+-------------------+-----
Conjurations   | 1 2 3 |  3.2
Spellcasting   | 2 3 |  3.3
Armour         | 1 2 3 |  3.6
Earth Magic    | 4 5 |  5.1
Dodging        | |  1.3
Stealth        | |  1.4

Action                     |  1- 3 |  4- 6 || total
---------------------------+-------+-------++-------
  Melee: Morningstar       |    14 |    23 ||    37
   Cast: Sandblast         |    49 |    45 ||    94
    Use: Potion            |     4 |     2 ||     6
 Armour: Robe              |    16 |       ||    16
         Leather armour    |    13 |    99 ||   112
  Dodge: Dodged            |    24 |    82 ||   106

Table legend: (Time is in decaauts)
 A = Elapsed time spent in this place.
 B = Non-inter-level travel time spent in this place.
 C = Inter-level travel time spent in this place.
 D = Time resting spent in this place.
 E = Time spent auto-exploring this place.
 F = Levels seen in this place.
 G = Mean time per level.
                   A        B        C        D        E       F      G
               +--------+--------+--------+--------+--------+-----+--------+
         Total |   3696 |   3500 |    196 |      0 |   3031 |   6 |  616.0 |
       Dungeon |   3686 |   3490 |    196 |      0 |   3031 |   5 |  737.2 |
        Temple |      9 |      9 |      0 |      0 |      0 |   1 |    9.0 |
               +--------+--------+--------+--------+--------+-----+--------+

Top non-repeatable levels by time:
     D:2: 967 daAuts
     D:4: 931 daAuts
     D:3: 927 daAuts
     D:1: 817 daAuts
     D:5: 41 daAuts
  Temple: 9 daAuts
